 Dungeon Crawl Stone Soup version 0.25-a0-670-g50981ef (webtiles) character file.

Game seed: 1517928361192339500, levelgen mode: deterministic

130 Faels the Chopper (level 4, 0/35 HPs)
             Began as a Demonspawn Fighter on Mar 29, 2020.
             Slain by Grinder (1 damage)
             ... on level 3 of the Dungeon.
             The game lasted 00:05:50 (2364 turns).

Faels the Chopper (Demonspawn Fighter)              Turns: 2364, Time: 00:05:51

Health: 0/35       AC:  6    Str: 18    XL:     4   Next: 90%
Magic:  4/4        EV:  7    Int:  9    God:
Gold:   200        SH:  8    Dex: 12    Spells: 3/3 levels left

rFire    + . .     SeeInvis .   a - +0 war axe
rCold    + . .     Gourm    .   c - +0 kite shield
rNeg     . . .     Faith    .   b - +0 scale mail
rPois    +         Spirit   .   (no helmet)
rElec    +         Reflect  .   (no cloak)
rCorr    +         Harm     .   (no gloves)
MR       .....                  (no boots)
Stlth    ..........             (no amulet)
HPRegen  0.11/turn              (no ring)
MPRegen  0.09/turn              (no ring)

@: resistant
A: talons 1, powered by death 2
a: no special abilities


You were on level 3 of the Dungeon.
You were not hungry.

You visited 1 branch of the dungeon, and saw 3 of its levels.

You collected 200 gold pieces.

Inventory:

Hand Weapons
 a - a +0 war axe (weapon)
Missiles
 k - 8 boomerangs
 l - 17 poisoned darts (quivered)
Armour
 b - a +0 scale mail (worn)
 c - a +0 kite shield (worn)
Jewellery
 q - an uncursed ring of fire {unknown}
Scrolls
 d - a scroll of identify {unknown}
 h - 4 scrolls of teleportation {unknown}
 j - 3 scrolls of remove curse {unknown}
 m - 2 scrolls of amnesia {unknown}
 p - a scroll of immolation {unknown}
 t - a scroll of noise {unknown}
 v - a scroll of fog {unknown}
Potions
 e - a potion of resistance
 g - a potion of flight {unknown}
 i - a potion of stabbing {unknown}
 o - 3 potions of mutation {unknown}
 r - a potion of curing {unknown}
 s - a potion of magic {unknown}
 u - a potion of lignification {unknown}
Comestibles
 f - 7 rations


   Skills:
 - Level 3.0 Fighting
 * Level 4.0 Axes
 + Level 2.0 Throwing
 - Level 2.6 Armour
 - Level 0.6 Dodging
 - Level 2.6 Shields


You had 3 spell levels left.
You didn't know any spells.
Your spell library was empty.

Dungeon Overview and Level Annotations

Branches:
Dungeon (3/15)

Altars:
Nemelex Xobeh
Qazlal

Annotations:
D:3 Grinder


Innate Abilities, Weirdness & Mutations

You have sharp toenails.
You regenerate health from kills.


Message History

Grinder blinks!
Throwing (i - inventory. (/) - cycle)
l - 18 poisoned darts (quivered)
Press: ? - help, Shift-Dir - straight line, f - Grinder
Aim: Grinder (heavily wounded)
You throw a poisoned dart. The poisoned dart hits Grinder.
Grinder is heavily wounded.
Grinder gestures at you.
You suddenly lose the ability to move!
Grinder gestures at you. Pain shoots through your body!
* * * LOW HITPOINT WARNING * * *
All of the chunks of flesh in your inventory have rotted away.
You can move again.
Your shield and scale mail prevent you from hitting Grinder.
You claw Grinder.
Grinder is heavily wounded.
Grinder hits you.
* * * LOW HITPOINT WARNING * * *
You writhe in agony.
You die...

#.......# #####......#
#.#####.#######(##...###.#####
#.#####.##...........#.......#
#.##.......##........#.#.###.#
#.##.##5######...#####.#.# #.#
#)##.##.# ##.## #.#.###.#
#.......# #.# #.#.....#
####.#### #5# #.#####.# #.#
##@## #.#####.# #.# #...#
#.......# ####.##### #.....#
#######.# #..5.....# #.......#
##.##.#
#.##...#.##.........####...#.###
# .......+.........+...........
#...#.##.........####...#.###
##..#.###.......## ##......# ..#
# ##.....## #.##.#.#


You could see Grinder.

Vanquished Creatures
  2 orc priests (D:3)
  3 adders
  An ooze (D:2)
  2 leopard geckos
  2 orcs (D:3)
  A giant cockroach (D:2)
  6 goblins
  3 hobgoblins
  5 jackals (D:3)
  4 bats
  2 frilled lizards (D:1)
  4 kobolds
  2 rats (D:3)
37 creatures vanquished.

Notes
Turn   | Place    | Note
-------+----------+-------------------------------------------
     0 | D:1      | Faels the Demonspawn Fighter began the quest for the Orb.
     0 | D:1      | Reached XP level 1. HP: 18/18 MP: 1/1
     6 | D:1      | Noticed a lindwurm
     6 | D:1      | Noticed a rime drake
     7 | D:1      | Noticed a black bear
   101 | D:1      | Reached skill level 2 in Axes
   820 | D:2      | Gained mutation: You have sharp toenails. [demonic
                  | ancestry]
   820 | D:2      | Reached XP level 2. HP: 24/24 MP: 2/2
  1105 | D:2      | Found a sparkling altar of Nemelex Xobeh.
  1187 | D:2      | Gained mutation: You regenerate a little health from kills.
                  | [demonic ancestry]
  1187 | D:2      | Reached XP level 3. HP: 28/29 MP: 3/3
  1316 | D:2      | Reached skill level 1 in Throwing
  1524 | D:3      | Reached skill level 3 in Axes
  1525 | D:3      | Gained mutation: You regenerate health from kills. [demonic
                  | ancestry]
  1525 | D:3      | Reached XP level 4. HP: 35/35 MP: 4/4
  2112 | D:3      | Reached skill level 4 in Axes
  2238 | D:3      | Found a stormy altar of Qazlal.
  2321 | D:3      | Noticed Grinder
  2350 | D:3      | Paralysed by Grinder for 4 turns
  2356 | D:3      | Paralysed by Grinder for 7 turns
  2362 | D:3      | HP: 1/35 [Grinder/nerve-wracking pain (11)]
  2364 | D:3      | Slain by Grinder

Levels and vault maps discovered:
D:1:      onia_arrival_zoo_common, layout_basic
D:2:      layout_basic, nemelex_spade_bored_becter
D:3:      layout_loops_corners, nicolae_overflow_hidden_temple,
          nicolae_qazlal_eye_of_the_storm, first_ration, uniq_grinder

Skill      XL: |  1  2  3  4 |
---------------+-------------+-----
Axes           | 2 3 4 |  4.0
Throwing       | 1 2 |  2.0
Fighting       | |  3.0
Armour         | |  2.6
Dodging        | |  0.6
Shields        | |  2.6

Action                   |  1- 3 |  4- 6 || total
-------------------------+-------+-------++-------
Melee: War axe           |    63 |    51 ||   114
       Kick              |     9 |    13 ||    22
Throw: Dart              |       |     1 ||     1
  Use: Potion            |     1 |     1 ||     2
  Eat: Chunk             |     2 |     3 ||     5
Armor: Scale mail        |    35 |    19 ||    54
Dodge: Dodged            |    21 |    15 ||    36
Block: Kite shield       |    43 |    23 ||    66

Table legend:
 A = Non-vault XP
 B = Vault XP
 C = Vault XP percentage of total XP
 D = Non-vault monster count
 E = Vault monster count
 F = Vault count percentage of total count
                 A         B        C        D         E       F
            +---------+---------+-------+---------+---------+-------
      Total |     187 |       0 |   0.0 |      37 |       0 |   0.0
            +---------+---------+-------+---------+---------+-------
        D:1 |      11 |       0 |   0.0 |       7 |       0 |   0.0
        D:2 |      41 |       0 |   0.0 |      14 |       0 |   0.0
        D:3 |     135 |       0 |   0.0 |      16 |       0 |   0.0
            +---------+---------+-------+---------+---------+-------
